 Dungeon Crawl Stone Soup version 0.19-a0-526-gbe2e51c (webtiles) character file.

64 nubinia the Stinger (level 3, -9/16 HPs)
             Began as a Spriggan Venom Mage on June 7, 2016.
             Was a Follower of Qazlal.
             Splashed by Ijyb's acid (12 damage)
             ... on level 3 of the Dungeon.
             The game lasted 00:07:32 (1625 turns).

nubinia the Stinger (Spriggan Venom Mage)           Turns: 1625, Time: 00:07:34

Health: -9/16      AC: -2    Str:  4    XL:     3   Next: 91%
Magic:  5/9        EV: 19    Int: 17    God:    Qazlal [*.....]
Gold:   28         SH:  2    Dex: 16    Spells: 3 memorised, 4 levels left

rFire  . . .     SeeInvis +     e - +0 short sword
rCold  . . .     Gourm    .     a - +0 robe
rNeg   . . .     Faith    .     (shield restricted)
rPois  .         Spirit   .     (helmet restricted)
rElec  .         Dismiss  .     (no cloak)
rCorr  .         Reflect  .     (gloves unavailable)
SustAt .         Harm     .     (boots unavailable)
MR     .....                    (no amulet)
Stlth  ++........               (no ring)
                                (no ring)

@: corroded, very quick, not resistant to hostile enchantments, unstealthy
A: unfitting armour, see invisible, herbivore 3, speed 3, slow metabolism 2
a: Renounce Religion


You were on level 3 of the Dungeon.
You worshipped Qazlal.
Qazlal was aware of your devotion.
You were not hungry.

You visited 1 branch of the dungeon, and saw 3 of its levels.

You collected 28 gold pieces.

Inventory:

Hand Weapons
 e - a +0 short sword (weapon)
Armour
 a - a +0 robe (worn)
Scrolls
 f - a scroll of enchant armour {unknown}
 h - 2 scrolls of identify {unknown}
Potions
 d - a potion of cure mutation {unknown}
 g - a potion of berserk rage {unknown}
 i - a potion of resistance {unknown}
 j - a potion of mutation {unknown}
Books
 b - a Young Poisoner's Handbook

   Spells                             Type                      Level
   a - Sting                          Conjuration/Poison           1
   b - Cure Poison                    Poison                       2
   c - Mephitic Cloud                 Conjuration/Poison/Air       3
   d - Olgreb's Toxic Radiance        Poison                       4
   e - Venom Bolt                     Conjuration/Poison           5
Comestibles
 c - a bread ration


   Skills:
 + Level 3.7 Dodging
 + Level 3.2 Stealth
 * Level 4.0 Spellcasting
 + Level 1.0 Conjurations
 * Level 0.5 Air Magic
 - Level 4.0 Poison Magic


You had 4 spell levels left.
You knew the following spells:

 Your Spells              Type           Power        Failure   Level  Hunger
a - Sting                 Conj/Pois      ##..         6%          1    None
c - Mephitic Cloud        Conj/Pois/Air  #.......     24%         3    ###....
p - Cure Poison           Pois           ###.......   4%          2    ##.....


Dungeon Overview and Level Annotations

Branches:
Dungeon (3/15)

Altars:
Qazlal
Sif Muna
Zin

Annotations:
D:3 Ijyb, Purgy


Innate Abilities, Weirdness & Mutations

You are tiny and cannot use many weapons and most armour.
You have supernaturally acute eyesight. (SInv)
You are a herbivore.
You cover ground extremely quickly.
You need consume almost no food.


Message History

You kill the bat!
Qazlal accepts your kill.
Your Conjurations skill increases to level 1!
The bat completely misses you.
Unknown command.
Unknown command.
Unknown command.
Casting: Sting
Confirm with . or Enter, or press ? or * to list all spells.
Aiming: Sting
Press: ? - help, Shift-Dir - straight line, f - bat
Aim: a bat The sting misses the bat.
The bat misses you.
You miss the bat. You block the bat's attack. The bat closely misses you.
Ijyb zaps a wand.
The bolt of acid hits you!
Ouch! That really hurt!
* * * LOW HITPOINT WARNING * * *
The acid corrodes you!
The acid burns!
Ouch! That really hurt!
You die...

#### . ##..# #######
#### # #...#
##...†b#..... ####...#
##....@....... .....(.#
#.............
#..#.#.####....†........
#.##)#..................
....................g)..
#.#.#...................
....#.#.........>.......
..........>.......#....%
.<....#........##.....#


You could see Ijyb and a bat.

Vanquished Creatures
  2 adders
  A worm (D:2)
  A dart slug (D:1)
  2 giant geckos (D:1)
  An orc (D:3)
  A bat (D:3)
  A giant cockroach (D:3)
  6 goblins
  A hobgoblin (D:2)
  10 jackals
  A quokka (D:2)
  A ball python (D:3)
  2 giant newts (D:1)
  3 kobolds (D:1)
  2 rats
35 creatures vanquished.

Notes
Turn   | Place    | Note
--------------------------------------------------------------
     0 | D:1      | nubinia the Spriggan Venom Mage began the quest for the Orb.
     0 | D:1      | Reached XP level 1. HP: 9/9 MP: 5/5
   262 | D:1      | Reached XP level 2. HP: 13/13 MP: 4/6
   267 | D:1      | Learned a level 2 spell: Cure Poison
   935 | D:2      | Reached XP level 3. HP: 16/16 MP: 5/9
   940 | D:2      | Learned a level 3 spell: Mephitic Cloud
   991 | D:2      | Found a faded altar of an unknown god.
  1043 | D:2      | Became a worshipper of Qazlal Stormbringer
  1043 | D:2      | Reached * piety under Qazlal
  1185 | D:2      | Found a deep blue altar of Sif Muna.
  1207 | D:2      | Found a glowing silver altar of Zin.
  1479 | D:3      | Noticed Purgy
  1620 | D:3      | Noticed Ijyb
  1623 | D:3      | Reached skill level 1 in Conjurations
  1625 | D:3      | Splashed by Ijyb's acid

Vault maps used:
D:1:      sevenhm_arrival_forest_fort_small_6
D:2:      zin_statuary, lemuel_blue_sif_altar, ecumenical_altar_2
D:3:      uniq_purgy, uniq_iyjb

Skill      XL: |  1  2  3 |
---------------+----------+-----
Spellcasting   | 3 4 |  4.0
Conjurations   | 1 |  1.0
Dodging        | |  3.7
Stealth        | |  3.2
Air Magic      | |  0.5
Poison Magic   | |  4.0

Action                   || total
-------------------------++-------
Melee: Short sword       ||    16
 Cast: Sting             ||    64
 Stab: Sleeping          ||     3
Armor: Robe              ||     2
Dodge: Dodged            ||    22
Block: Other             ||     4
